 Dungeon Crawl Stone Soup version 0.24-a0-244-ga6a6ab7 (webtiles) character file.

Game seed: 6543505377042286071

87 mopl the Cudgeler (level 4, -3/35 HPs)
             Began as a Demonspawn Fighter on Apr 11, 2019.
             Killed from afar by Natasha (11 damage)
             ... with a wand of flame (19)
             ... on level 2 of the Dungeon.
             The game lasted 00:02:34 (1619 turns).

mopl the Cudgeler (Demonspawn Fighter)              Turns: 1619, Time: 00:02:35

Health: -3/35      AC:  8    Str: 18    XL:     4   Next: 28%
Magic:  4/4        EV:  7    Int: 12    God:
Gold:   73         SH:  8    Dex: 12    Spells: 3/3 levels left

rFire    . . .     SeeInvis .   a - +0 flail
rCold    . . .     Gourm    .   c - +0 shield
rNeg     . . .     Faith    .   b - +0 scale mail
rPois    .         Spirit   .   (no helmet)
rElec    .         Reflect  .   (no cloak)
rCorr    .         Harm     .   (no gloves)
MR       .....     Rnd*Tele +   (no boots)
Stlth    ..........             (no amulet)
HPRegen  0.11/turn              h - +3 ring of intelligence
MPRegen  0.09/turn              r - ring of teleportation (curse)

@: slowed, very slow
A: slimy green scales 1
a: no special abilities


You were on level 2 of the Dungeon.
You were hungry.

You visited 1 branch of the dungeon, and saw 2 of its levels.

You collected 73 gold pieces.

Inventory:

Hand Weapons
 a - a +0 flail (weapon)
Missiles
 k - 29 poisoned needles
Armour
 b - a +0 scale mail (worn)
 c - a +0 shield (worn)
Jewellery
 h - a +3 ring of intelligence (left hand)
 r - a cursed ring of teleportation (right hand)
Scrolls
 e - a scroll of amnesia {unknown}
 i - a scroll of random uselessness {unknown}
 j - 2 scrolls of teleportation {unknown}
 m - a scroll of fog {unknown}
 p - 2 scrolls of remove curse {unknown}
 q - a scroll of identify {unknown}
 t - a scroll of immolation {unknown}
Potions
 d - 2 potions of might
 g - 2 potions of curing {unknown}
 l - 2 potions of heal wounds {unknown}
 n - a potion of agility {unknown}
 s - a potion of brilliance {unknown}
Comestibles
 f - 4 rations


   Skills:
 - Level 3.0 Fighting
 + Level 4.2 Maces & Flails
 - Level 2.6 Armour
 - Level 2.6 Shields


You had 3 spell levels left.
You didn't know any spells.
Your spell library was empty.

Dungeon Overview and Level Annotations

Branches:
Dungeon (2/15)

Altars:
Nemelex Xobeh
Uskayaw

Annotations:
D:2 Natasha


Innate Abilities, Weirdness & Mutations

You are partially covered in slimy green scales. (AC +2)


Message History

Natasha is lightly wounded.
Natasha zaps a wand.
The puff of flame hits you.
Your shield and scale mail prevent you from hitting Natasha.
Natasha zaps a wand.
The puff of flame hits you.
You are too injured to fight recklessly!
You are too injured to fight recklessly!
You hit Natasha but do no damage. Natasha casts a spell at you.
You resist with some effort.
You hit Natasha but do no damage.
Natasha wildly gestures.
You feel disoriented. Natasha claws you!
* * * LOW HITPOINT WARNING * * *
Natasha casts a spell at you.
You feel yourself slow down.
You hit Natasha.
Natasha is moderately wounded.
Natasha zaps a wand.
The puff of flame hits you!
You die...

#.#########.# #.#.# # ...#
##.###.#.############
#.#####....(...............
#.....................#####
#.##.##....#.#.####...#
#.[...##.###...<.))).>....#
##..####.# #.....##.##....#
# ......##.#
##..####.......# #.###
#.##.## #.@#######...## #.#
#.....###.h..........# #.#
#..........####.##. ## ..#
#.##..###..#
..#####.....###..###
.........##.........
..#.._..############
#.##....# # #.......#....


You could see Natasha.

Vanquished Creatures
  Natasha (D:2)
  A gnoll (D:1)
  An adder (D:2)
  2 dart slugs
  2 leopard geckos (D:1)
  An orc (D:2)
  A giant cockroach (D:1)
  8 goblins
  4 hobgoblins
  2 jackals (D:2)
  3 kobolds
  A ball python (D:2)
  5 bats
  4 frilled lizards
  3 rats
39 creatures vanquished.

Notes
Turn   | Place    | Note
-------+----------+-------------------------------------------
     0 | D:1      | mopl the Demonspawn Fighter began the quest for the Orb.
     0 | D:1      | Reached XP level 1. HP: 18/18 MP: 1/1
    33 | D:1      | Reached skill level 2 in Maces & Flails
    95 | D:1      | Gained mutation: You are partially covered in slimy green
                  | scales. (AC +2) [demonic ancestry]
    95 | D:1      | Reached XP level 2. HP: 10/24 MP: 2/2
   490 | D:1      | Reached skill level 3 in Maces & Flails
   546 | D:1      | Reached XP level 3. HP: 25/29 MP: 3/3
  1095 | D:2      | Found a sparkling altar of Nemelex Xobeh.
  1127 | D:2      | Found a hide-covered altar of Uskayaw.
  1482 | D:2      | Noticed Natasha
  1493 | D:2      | Killed Natasha
  1493 | D:2      | Reached skill level 4 in Maces & Flails
  1493 | D:2      | Reached XP level 4. HP: 13/35 MP: 4/4
  1610 | D:2      | Noticed Natasha
  1619 | D:2      | Killed from afar by Natasha

Levels and vault maps discovered:
D:1:      evilmike_arrival_hilbert_curve, layout_basic
D:2:      layout_loops_ring, eat_drink_and_be_merry_uskayaw,
          overflow_temple_1_default, lemuel_coloured_pillars_altar,
          first_ration, uniq_natasha

Skill      XL: |  1  2  3 |
---------------+----------+-----
Maces & Flails | 2 3 4 |  4.2
Fighting       | |  3.0
Armour         | |  2.6
Shields        | |  2.6

Action                   |  1- 3 |  4- 6 || total
-------------------------+-------+-------++-------
Melee: Flail             |   147 |     6 ||   153
  Eat: Chunk             |     2 |       ||     2
Armor: Scale mail        |    59 |       ||    59
Dodge: Dodged            |    41 |     1 ||    42
Block: Shield            |    64 |     2 ||    66

Table legend:
 A = Non-vault XP
 B = Vault XP
 C = Vault XP percentage of total XP
 D = Non-vault monster count
 E = Vault monster count
 F = Vault count percentage of total count
                 A         B        C        D         E       F
            +---------+---------+-------+---------+---------+-------
      Total |      92 |      33 |  26.4 |      38 |       1 |   2.6
            +---------+---------+-------+---------+---------+-------
        D:1 |      48 |       0 |   0.0 |      19 |       0 |   0.0
        D:2 |      44 |      33 |  42.9 |      19 |       1 |   5.0
            +---------+---------+-------+---------+---------+-------
